[Event "94th FRA-ch Open A 2019"]
[Site "Chartres"]
[Date "2019.08.17"]
[Round "1.1"]
[White "Jaulin, Marc"]
[Black "Vedovotto, Nicolas"]
[Result "1/2-1/2"]
[ECO "B01"]
[WhiteElo "2038"]
[BlackElo "2199"]
[Annotator "NA"]
[PlyCount "67"]
[EventDate "2019.08.17"]
[EventType "swiss"]
[EventCountry "FRA"]
[SourceTitle "playchess.com"]
[Source "ChessBase"]
[SourceQuality "1"]
[TimeControl "40/5400+30:1800+30"]

1. e4 Nc6 2. Nf3 d5 3. exd5 Qxd5 4. Nc3 Qa5 5. Bc4 Bg4 6. h3 Bh5 7. Bb5 O-O-O 8. Bxc6 bxc6 9. d3 Nf6 10. Qe2 e6 11. g4 Bg6 12. Bd2 Bd6 13. Ne4 Qb6 14. Bc3 Nxe4 15. dxe4 f6 16. e5 fxe5 17. Nxe5 Bxe5 18. Bxe5 Qb4+ 19. Bc3 Qe4 20. Qxe4 Bxe4 21. O-O h5 22. f3 Bxc2 23. Bxg7 Rhg8 24. Bc3 Rd7 25. Rfe1 hxg4 26. hxg4 Rg6 27. Re5 Rh7 28. Rae1 Kd7 29. Kf2 Rgh6 30. R5e2 Bd3 31. Rd2 Rh2+ 32. Ke3 Rxd2 33. Bxd2 Bc4 34. a3 1/2-1/2

[Event "94th FRA-ch Open A 2019"]
[Site "Chartres"]
[Date "2019.08.17"]
[Round "1.2"]
[White "Meunier-Pion, Jean"]
[Black "Juran, Baptiste"]
[Result "1-0"]
[ECO "C05"]
[WhiteElo "2193"]
[BlackElo "2038"]
[Annotator "NA"]
[PlyCount "95"]
[EventDate "2019.08.17"]
[EventType "swiss"]
[EventCountry "FRA"]
[SourceTitle "playchess.com"]
[Source "ChessBase"]
[SourceQuality "1"]
[TimeControl "40/5400+30:1800+30"]

1. e4 e6 2. d4 d5 3. Nd2 Nf6 4. e5 Nfd7 5. f4 c5 6. c3 Nc6 7. Ndf3 Qa5 8. dxc5 Qxc5 9. Nd4 Nxd4 10. cxd4 Qa5+ 11. Kf2 Be7 12. Bd3 O-O 13. Nf3 f6 14. h4 Qb6 15. Kg3 f5 16. Kf2 Nb8 17. Rb1 Nc6 18. a3 a5 19. Be3 Bd7 20. g4 fxg4 21. Ng5 h5 22. Bh7+ Kh8 23. Bg6 Nxe5 24. Bxh5 Nc4 25. Qd3 Rf5 26. Bxg4 Nxe3 27. Kxe3 Raf8 28. Bxf5 Rxf5 29. Qd1 Be8 30. Rc1 Bd6 31. Rf1 g6 32. Rc8 Qb5 33. h5 Kg7 34. Nxe6+ Kf6 35. Nc7 Bxc7 36. Rxc7 gxh5 37. Qe1 Qb3+ 38. Qc3 Qb6 39. Kd2 Bc6 40. Rc8 Kf7 41. Kc1 Qb5 42. Rf2 Rf6 43. Qh3 Bd7 44. Qxh5+ Ke7 45. Re2+ Re6 46. Qg5+ Kd6 47. Rxe6+ Kxe6 48. f5+ 1-0

[Event "94th FRA-ch Open A 2019"]
[Site "Chartres"]
[Date "2019.08.17"]
[Round "1.4"]
[White "Rivalin, Kenny"]
[Black "Derouineau, Jacques"]
[Result "1-0"]
[ECO "C41"]
[WhiteElo "2184"]
[BlackElo "2037"]
[Annotator "NA"]
[PlyCount "73"]
[EventDate "2019.08.17"]
[EventType "swiss"]
[EventCountry "FRA"]
[SourceTitle "playchess.com"]
[Source "ChessBase"]
[SourceQuality "1"]
[TimeControl "40/5400+30:1800+30"]

1. e4 e5 2. Nf3 d6 3. d4 Nd7 4. Bc4 c6 5. O-O Be7 6. Nc3 Ngf6 7. a4 O-O 8. Re1 b6 9. Bg5 Bb7 10. Qe2 h6 11. Bh4 Nh5 12. Bg3 Bf6 13. Rad1 Qe7 14. dxe5 dxe5 15. Nd2 Nxg3 16. hxg3 Nc5 17. Nf1 Rad8 18. Ne3 g6 19. Rxd8 Rxd8 20. Rd1 Bc8 21. b4 Ne6 22. Rxd8+ Qxd8 23. b5 Nd4 24. Qd3 c5 25. Ncd5 Bg7 26. c3 Ne6 27. Bb3 h5 28. Nc4 Bb7 29. Qf3 Ng5 30. Qd3 Nxe4 31. Na5 Nd6 32. Nc6 Bxc6 33. bxc6 Qg5 34. c7 h4 35. gxh4 Qxh4 36. Nxb6 Ne4 37. Qd8+ 1-0

[Event "94th FRA-ch Open A 2019"]
[Site "Chartres"]
[Date "2019.08.17"]
[Round "1.5"]
[White "Corgeron, Jean-Luc"]
[Black "Burille, Matthieu"]
[Result "0-1"]
[ECO "A37"]
[WhiteElo "2036"]
[BlackElo "2174"]
[Annotator "NA"]
[PlyCount "44"]
[EventDate "2019.08.17"]
[EventType "swiss"]
[EventCountry "FRA"]
[SourceTitle "playchess.com"]
[Source "ChessBase"]
[SourceQuality "1"]
[TimeControl "40/5400+30:1800+30"]

1. Nf3 c5 2. c4 Nc6 3. g3 g6 4. Nc3 Bg7 5. Bg2 e5 6. d3 Nge7 7. Ne4 d6 8. Bg5 f5 9. Nf6+ Kf7 10. Nd5 h6 11. Nxe7 Nxe7 12. Bxe7 Qxe7 13. e4 f4 14. Qd2 g5 15. O-O-O g4 16. gxf4 gxf3 17. Bxf3 Qh4 18. fxe5 Bxe5 19. Qe2 Be6 20. Kb1 Ke7 21. b4 b6 22. h3 Raf8 0-1

[Event "94th FRA-ch Open A 2019"]
[Site "Chartres"]
[Date "2019.08.18"]
[Round "2.1"]
[White "Llapasset, Jean-Louis"]
[Black "Meunier-Pion, Jean"]
[Result "0-1"]
[ECO "B80"]
[WhiteElo "2050"]
[BlackElo "2193"]
[Annotator "NA"]
[PlyCount "82"]
[EventDate "2019.08.17"]
[EventType "swiss"]
[EventCountry "FRA"]
[SourceTitle "playchess.com"]
[Source "ChessBase"]
[SourceQuality "1"]
[TimeControl "40/5400+30:1800+30"]

1. e4 c5 2. Nf3 d6 3. d4 cxd4 4. Nxd4 Nf6 5. Nc3 a6 6. f3 e6 7. Be3 b5 8. Qd2 Bb7 9. g4 Be7 10. g5 Nfd7 11. a4 b4 12. Nce2 d5 13. exd5 Bxd5 14. Bg2 Nb6 15. b3 Bb7 16. h4 g6 17. h5 Rg8 18. hxg6 hxg6 19. O-O-O e5 20. Ne6 Qxd2+ 21. Rxd2 fxe6 22. Bxb6 Bxg5 23. Rh7 Bxd2+ 24. Kxd2 Nd7 25. Ba5 g5 26. Bh3 Bd5 27. Bxb4 Nf8 28. Re7+ Kd8 29. Ke3 Rb8 30. Ba3 Bxb3 31. Rf7 Nd7 32. Nc3 Rg6 33. Ne4 Bxc2 34. Be7+ Kc8 35. Nxg5 Bb3 36. Bf1 Rb6 37. Ne4 Bxa4 38. Bc4 Bb3 39. Nd6+ Rxd6 40. Bxb3 Rd4 41. Rh7 Nb6 0-1

[Event "94th FRA-ch Open A 2019"]
[Site "Chartres"]
[Date "2019.08.18"]
[Round "2.2"]
[White "Aumont, Alexandre"]
[Black "Dube, Dimitri"]
[Result "1-0"]
[ECO "B11"]
[WhiteElo "2190"]
[BlackElo "2056"]
[Annotator "NA"]
[PlyCount "47"]
[EventDate "2019.08.17"]
[EventType "swiss"]
[EventCountry "FRA"]
[SourceTitle "playchess.com"]
[Source "ChessBase"]
[SourceQuality "1"]
[TimeControl "40/5400+30:1800+30"]

1. e4 c6 2. Nc3 d5 3. Nf3 Bg4 4. h3 Bxf3 5. Qxf3 Nf6 6. d3 e6 7. Bd2 Be7 8. g4 Na6 9. O-O-O Nc7 10. g5 Nd7 11. h4 b5 12. Kb1 b4 13. Ne2 Nb5 14. Bh3 Rb8 $11 15. exd5 cxd5 16. Qf4 Qa5 17. Nc1 O-O 18. Nb3 Qa4 19. h5 d4 20. g6 Nc5 21. gxf7+ Kh8 22. h6 Bf6 23. hxg7+ Bxg7 24. Bxe6 1-0

[Event "94th FRA-ch Open A 2019"]
[Site "Chartres"]
[Date "2019.08.18"]
[Round "2.3"]
[White "Gourbiere, Yohan"]
[Black "Rivalin, Kenny"]
[Result "0-1"]
[ECO "B53"]
[WhiteElo "2040"]
[BlackElo "2184"]
[Annotator "NA"]
[PlyCount "46"]
[EventDate "2019.08.17"]
[EventType "swiss"]
[EventCountry "FRA"]
[SourceTitle "playchess.com"]
[Source "ChessBase"]
[SourceQuality "1"]
[TimeControl "40/5400+30:1800+30"]

1. e4 c5 2. Nf3 d6 3. d4 cxd4 4. Qxd4 Bd7 5. Be3 Nc6 6. Qd2 Nf6 7. Nc3 a6 8. O-O-O b5 9. Bd3 $11 e6 10. h3 b4 11. Ne2 Qa5 12. Kb1 e5 13. Nc1 Be7 14. Bg5 Be6 15. Bxf6 Bxf6 16. Nb3 Qb6 17. Ng5 Bxg5 18. Qxg5 O-O 19. Qh4 a5 20. f4 a4 21. Nd2 a3 22. f5 Bxa2+ 23. Kxa2 axb2+ 0-1

[Event "94th FRA-ch Open A 2019"]
[Site "Chartres"]
[Date "2019.08.18"]
[Round "2.4"]
[White "Burille, Matthieu"]
[Black "Ribiere, Damien"]
[Result "1-0"]
[ECO "B07"]
[WhiteElo "2174"]
[BlackElo "2042"]
[Annotator "NA"]
[PlyCount "85"]
[EventDate "2019.08.17"]
[EventType "swiss"]
[EventCountry "FRA"]
[SourceTitle "playchess.com"]
[Source "ChessBase"]
[SourceQuality "1"]
[TimeControl "40/5400+30:1800+30"]

1. e4 d6 2. d4 Nf6 3. Nc3 g6 4. Be3 c6 5. Qd2 Nbd7 6. Nf3 b5 7. Bd3 Bg7 8. O-O O-O 9. h3 e5 10. dxe5 dxe5 11. a4 b4 12. Ne2 a5 13. Ng3 Re8 14. c3 Nf8 15. cxb4 axb4 16. Qc2 $16 Ba6 17. Bxa6 Rxa6 18. Qc4 Qa5 19. Bc5 b3 20. Ng5 Ne6 21. Nxe6 Rxe6 22. Be3 h5 23. Qxb3 h4 24. Ne2 Nxe4 25. Qd3 Nd6 26. b4 e4 27. Qxd6 Rxd6 28. bxa5 Bxa1 29. Rxa1 Rxa5 30. Bb6 Ra6 31. a5 Rd2 32. Nd4 Rb2 33. Rc1 Ra8 34. Rxc6 Re8 35. a6 e3 36. fxe3 Rxe3 37. Nf3 Ra3 38. Rc8+ Kh7 39. Bd4 Rb1+ 40. Kh2 g5 41. a7 g4 42. hxg4 h3 43. a8=Q 1-0

[Event "94th FRA-ch Open A 2019"]
[Site "Chartres"]
[Date "2019.08.18"]
[Round "2.5"]
[White "Da Silva, Quentin"]
[Black "Galloux, Maxime"]
[Result "1-0"]
[ECO "B11"]
[WhiteElo "2161"]
[BlackElo "2039"]
[Annotator "NA"]
[PlyCount "123"]
[EventDate "2019.08.17"]
[EventType "swiss"]
[EventCountry "FRA"]
[SourceTitle "playchess.com"]
[Source "ChessBase"]
[SourceQuality "1"]
[TimeControl "40/5400+30:1800+30"]

1. e4 c6 2. Nc3 d5 3. Qf3 dxe4 4. Nxe4 Nf6 5. Nxf6+ exf6 6. Bc4 Be7 7. Ne2 O-O 8. d4 Nd7 9. O-O Nb6 10. Bd3 Be6 11. c3 a5 12. Re1 Re8 13. Ng3 g6 14. Bh6 a4 15. Nh5 Kh8 16. Bg7+ Kg8 17. Bxf6 Nd5 18. Bxe7 Rxe7 19. Nf6+ Kg7 20. Nxd5 Bxd5 21. Qd1 Qd6 22. Rxe7 Qxe7 23. Qe2 Qg5 24. g3 b5 25. a3 Qf6 26. Qe5 Qxe5 27. dxe5 Re8 28. f4 f6 29. Re1 fxe5 30. fxe5 Rf8 31. Be4 Bxe4 32. Rxe4 Rf5 33. g4 Rf3 34. Kg2 Rd3 35. Kf2 Kf7 36. Rd4 Rh3 37. Kg2 Re3 38. Rd7+ Ke6 39. Rxh7 Re2+ 40. Kg3 Rxb2 41. Kf4 Rf2+ 42. Kg5 Kxe5 43. Kxg6 Rf3 44. h4 Rxc3 45. h5 Rxa3 46. h6 Rg3 47. g5 b4 48. Ra7 a3 49. h7 Rh3 50. Kg7 c5 51. g6 c4 52. h8=Q Rxh8 53. Kxh8 c3 54. g7 c2 55. g8=Q c1=Q 56. Qe8+ Kd4 57. Rd7+ Kc3 58. Rc7+ Kb2 59. Qe2+ Kb1 60. Rxc1+ Kxc1 61. Qc4+ Kb2 62. Qxb4+ 1-0

[Event "94th FRA-ch Open A 2019"]
[Site "Chartres"]
[Date "2019.08.18"]
[Round "2.6"]
[White "Derige Kane, Yan"]
[Black "Fournier, Dimitri"]
[Result "1/2-1/2"]
[ECO "A47"]
[WhiteElo "2156"]
[BlackElo "2034"]
[Annotator "NA"]
[PlyCount "59"]
[EventDate "2019.08.17"]
[EventType "swiss"]
[EventCountry "FRA"]
[SourceTitle "playchess.com"]
[Source "ChessBase"]
[SourceQuality "1"]
[TimeControl "40/5400+30:1800+30"]

1. d4 Nf6 2. Bg5 e6 3. Nd2 c5 4. e3 cxd4 5. exd4 Be7 6. Ngf3 b6 7. Bd3 Bb7 8. O-O O-O 9. Re1 d6 10. Qe2 Nbd7 11. c4 d5 12. Ne5 Re8 13. Ndf3 Nf8 14. cxd5 Nxd5 15. Bd2 Bb4 16. Bb5 Re7 17. Bc6 Bxd2 18. Qxd2 f6 19. Bxb7 Rxb7 20. Nd3 Rc8 21. a4 Qd6 22. a5 Rbc7 23. axb6 axb6 24. Rec1 Rxc1+ 25. Rxc1 Rxc1+ 26. Qxc1 Qc7 27. Qxc7 Nxc7 28. Nb4 Nd5 29. Nxd5 exd5 30. Kf1 1/2-1/2

[Event "94th FRA-ch Open A 2019"]
[Site "Chartres"]
[Date "2019.08.19"]
[Round "3.1"]
[White "Meunier-Pion, Jean"]
[Black "L'Huillier, Thibaud"]
[Result "1-0"]
[ECO "B12"]
[WhiteElo "2193"]
[BlackElo "2093"]
[Annotator "NA"]
[PlyCount "105"]
[EventDate "2019.08.17"]
[EventType "swiss"]
[EventCountry "FRA"]
[SourceTitle "playchess.com"]
[Source "ChessBase"]
[SourceQuality "1"]
[TimeControl "40/5400+30:1800+30"]

1. e4 c6 2. d4 d5 3. e5 Bf5 4. Nf3 e6 5. Be2 c5 6. c4 dxc4 7. Bxc4 Nc6 8. Be3 cxd4 9. Nxd4 Bxb1 10. Nxc6 bxc6 11. Qxd8+ Rxd8 12. Rxb1 Bb4+ 13. Ke2 Ne7 14. Rhd1 Ng6 15. f4 Ba5 16. Bd3 Bb6 17. Be4 Ne7 18. Rdc1 Kd7 19. Rc4 Nd5 20. Bd2 g6 21. b4 Rc8 22. Rbc1 Rc7 23. a4 a6 24. Bd3 Rb8 25. a5 Ba7 26. Re4 c5 27. bxc5 Rxc5 28. Rxc5 Bxc5 29. Bxa6 Rb2 30. Kd1 Kc6 31. Bd3 Bb4 32. Bxb4 Rxb4 33. Kd2 Rb2+ 34. Bc2 Kb5 35. Kc1 Rb4 36. Rxb4+ Nxb4 37. Be4 Kxa5 38. Kd2 Kb5 39. Ke3 Kc5 40. g4 Kc4 41. h4 Kc3 42. h5 Nd5+ 43. Bxd5 exd5 44. f5 d4+ 45. Kf4 d3 46. hxg6 hxg6 47. e6 fxe6 48. fxe6 d2 49. e7 d1=Q 50. e8=Q Qd3 51. Qe1+ Kc2 52. Qe4 g5+ 53. Kf5 1-0

[Event "94th FRA-ch Open A 2019"]
[Site "Chartres"]
[Date "2019.08.19"]
[Round "3.2"]
[White "Mahieu, Luc"]
[Black "Aumont, Alexandre"]
[Result "1-0"]
[ECO "B76"]
[WhiteElo "2084"]
[BlackElo "2190"]
[Annotator "NA"]
[PlyCount "119"]
[EventDate "2019.08.17"]
[EventType "swiss"]
[EventCountry "FRA"]
[SourceTitle "playchess.com"]
[Source "ChessBase"]
[SourceQuality "1"]
[TimeControl "40/5400+30:1800+30"]

1. e4 c5 2. Nf3 d6 3. d4 cxd4 4. Nxd4 Nf6 5. Nc3 g6 6. Be3 Bg7 7. f3 O-O 8. Qd2 Nc6 9. O-O-O d5 10. exd5 Nxd5 11. Nxc6 bxc6 12. Bd4 Bxd4 13. Qxd4 Qb6 14. Na4 Qc7 15. Bc4 Rd8 16. Bb3 Bf5 17. g4 Nf4 18. Qe3 Be6 19. h4 Bxb3 20. axb3 Ne6 21. Qc3 Rd5 22. Rxd5 cxd5 23. Qxc7 Nxc7 24. Kd2 f6 25. Nc3 Kf7 26. Ra1 Ke6 27. Kd3 h6 28. Ne2 Kd6 29. c4 e5 30. Nc3 a6 31. Ra5 dxc4+ 32. bxc4 f5 33. Nd5 Nxd5 34. Rxd5+ Ke6 35. b4 Rb8 36. Kc3 fxg4 37. fxg4 h5 38. gxh5 gxh5 39. Ra5 Kf5 40. Rxa6 e4 41. b5 Rd8 42. b6 e3 43. Ra2 Ke4 44. Ra7 e2 45. Re7+ Kf3 46. c5 Rd1 47. b7 Rd7 48. Rxe2 Rxb7 49. Re5 Kg4 50. Re4+ Kf5 51. Rd4 Ke6 52. Kc4 Rb1 53. c6 Rc1+ 54. Kb5 Ke5 55. Rd8 Kf5 56. Kb6 Rc4 57. Rd5+ Kg4 58. Rc5 Rb4+ 59. Ka5 Rb8 60. Rc4+ 1-0

[Event "94th FRA-ch Open A 2019"]
[Site "Chartres"]
[Date "2019.08.19"]
[Round "3.3"]
[White "Rivalin, Kenny"]
[Black "Weibel, Theo"]
[Result "1/2-1/2"]
[ECO "B54"]
[WhiteElo "2184"]
[BlackElo "2081"]
[Annotator "NA"]
[PlyCount "69"]
[EventDate "2019.08.17"]
[EventType "swiss"]
[EventCountry "FRA"]
[SourceTitle "playchess.com"]
[Source "ChessBase"]
[SourceQuality "1"]
[TimeControl "40/5400+30:1800+30"]

1. e4 c5 2. Nf3 Nc6 3. Nc3 d6 4. d4 cxd4 5. Nxd4 e5 6. Nb3 Be7 7. Be3 Be6 8. Qd2 Nf6 9. f3 d5 10. exd5 Nxd5 11. Nxd5 Qxd5 12. Qxd5 Bxd5 13. O-O-O O-O-O 14. Bb5 Kc7 15. Rhe1 a6 16. Bf1 f5 17. Nc5 h6 18. Kb1 Bh4 19. g3 Bg5 20. f4 exf4 21. Bxf4+ Bxf4 22. gxf4 g5 23. Bd3 gxf4 24. Bxf5 Bc4 25. Rxd8 Rxd8 26. b3 Bg8 27. Nd3 Rf8 28. Be4 Nd4 29. c3 Nb5 30. Kc2 Nd6 31. Bf3 Rf5 32. Re7+ Kd8 33. Rg7 Rg5 34. Rxg5 hxg5 35. h4 1/2-1/2

[Event "94th FRA-ch Open A 2019"]
[Site "Chartres"]
[Date "2019.08.19"]
[Round "3.4"]
[White "Deveque, Guillaume"]
[Black "Burille, Matthieu"]
[Result "1/2-1/2"]
[ECO "A00"]
[WhiteElo "2016"]
[BlackElo "2174"]
[Annotator "NA"]
[PlyCount "70"]
[EventDate "2019.08.17"]
[EventType "swiss"]
[EventCountry "FRA"]
[SourceTitle "playchess.com"]
[Source "ChessBase"]
[SourceQuality "1"]
[TimeControl "40/5400+30:1800+30"]

1. b4 d5 2. e3 Nf6 3. Nf3 Bf5 4. c4 e6 5. a3 Be7 6. Nc3 O-O 7. Be2 h6 8. O-O Nbd7 9. cxd5 exd5 10. Qb3 c6 11. Bb2 a5 12. Na4 Bd6 13. Bxf6 Qxf6 14. d4 b5 15. Nc5 axb4 16. axb4 Rxa1 17. Rxa1 Bxc5 18. bxc5 Nxc5 19. Qb4 Nd7 20. Ra6 Nb8 21. Ra7 Bg4 22. h3 Bxf3 23. Bxf3 Qd8 24. Qc5 g6 25. e4 dxe4 26. Bxe4 Qf6 27. d5 Qe5 28. Re7 Qa1+ 29. Kh2 cxd5 30. Qxd5 Qf6 31. Qe5 Nd7 32. Qxf6 Nxf6 33. Bc2 Ne8 34. Rd7 Kg7 35. Bd3 Nf6 1/2-1/2

[Event "94th FRA-ch Open A 2019"]
[Site "Chartres"]
[Date "2019.08.19"]
[Round "3.5"]
[White "Bleuzen, Erwan"]
[Black "Da Silva, Quentin"]
[Result "1/2-1/2"]
[ECO "E92"]
[WhiteElo "2013"]
[BlackElo "2161"]
[Annotator "NA"]
[PlyCount "64"]
[EventDate "2019.08.17"]
[EventType "swiss"]
[EventCountry "FRA"]
[SourceTitle "playchess.com"]
[Source "ChessBase"]
[SourceQuality "1"]
[TimeControl "40/5400+30:1800+30"]

1. d4 Nf6 2. c4 g6 3. Nc3 Bg7 4. e4 d6 5. Nf3 O-O 6. Be2 e5 7. dxe5 dxe5 8. Qxd8 Rxd8 9. Bg5 Re8 10. Nd5 Nxd5 11. cxd5 c6 12. Bc4 cxd5 13. Bxd5 Nc6 14. a3 Be6 15. Bxc6 bxc6 16. Rc1 Reb8 17. b4 a5 18. Bd2 axb4 19. Bxb4 Bh6 20. Nd2 Rb5 21. Ke2 Rc8 22. Rc5 Rxc5 23. Bxc5 Rd8 24. Rd1 f5 25. f3 Bxd2 26. Rxd2 Bc4+ 27. Ke1 Rxd2 28. Kxd2 Kf7 29. g3 Ke6 30. h4 Bb5 31. Ke3 Ba4 32. Bb4 Bb3 1/2-1/2

[Event "94th FRA-ch Open A 2019"]
[Site "Chartres"]
[Date "2019.08.19"]
[Round "3.6"]
[White "Veron, Cyprien"]
[Black "Guignier, Nicolas"]
[Result "1/2-1/2"]
[ECO "A31"]
[WhiteElo "2012"]
[BlackElo "2151"]
[Annotator "NA"]
[PlyCount "84"]
[EventDate "2019.08.17"]
[EventType "swiss"]
[EventCountry "FRA"]
[SourceTitle "playchess.com"]
[Source "ChessBase"]
[SourceQuality "1"]
[TimeControl "40/5400+30:1800+30"]

1. Nf3 Nf6 2. c4 c5 3. d4 cxd4 4. Nxd4 e5 5. Nb5 d5 6. cxd5 Bc5 7. N5c3 O-O 8. g3 Qb6 9. e3 e4 10. Nd2 Re8 11. Bg2 Bg4 12. Qc2 Na6 13. a3 Rac8 14. O-O Bf5 15. Qa4 Bf8 16. h3 Bg6 17. Kh2 Nc5 18. Qd1 h5 19. f4 exf3 20. Bxf3 Nd3 21. e4 h4 22. gxh4 Bd6+ 23. Kg2 Bb8 24. Bg4 Qd6 25. Rf3 Qh2+ 26. Kf1 Nxg4 27. hxg4 Bg3 28. h5 Rxc3 29. hxg6 Nf4 30. gxf7+ Kxf7 31. Rxf4+ Bxf4 32. bxc3 Qh1+ 33. Ke2 Qg2+ 34. Kd3 Bxd2 35. Qe2 Qxe2+ 36. Kxe2 Bxc1 37. Rxc1 Rxe4+ 38. Kd3 Rxg4 39. Re1 b5 40. d6 Rg6 41. Re7+ Kf8 42. Rd7 Kg8 1/2-1/2

[Event "94th FRA-ch Open A 2019"]
[Site "Chartres"]
[Date "2019.08.20"]
[Round "4.1"]
[White "Amoyal, Pierre"]
[Black "Meunier-Pion, Jean"]
[Result "1/2-1/2"]
[ECO "E91"]
[WhiteElo "2093"]
[BlackElo "2193"]
[Annotator "NA"]
[PlyCount "88"]
[EventDate "2019.08.17"]
[EventType "swiss"]
[EventCountry "FRA"]
[SourceTitle "playchess.com"]
[Source "ChessBase"]
[SourceQuality "1"]
[TimeControl "40/5400+30:1800+30"]

1. d4 Nf6 2. c4 g6 3. Nc3 Bg7 4. e4 d6 5. Nf3 O-O 6. Be2 Bg4 7. O-O Nfd7 8. Be3 Nc6 9. Ne1 Bxe2 10. Nxe2 Na5 11. Rc1 c5 12. Nd3 Rc8 13. d5 a6 14. Qa4 b5 15. cxb5 axb5 16. Qxb5 Rb8 17. Qa4 c4 18. Nb4 Nc5 19. Bxc5 dxc5 20. Nc6 Nxc6 21. dxc6 Rb4 22. Qa7 Qd6 23. Qa6 Bxb2 24. a3 Rbb8 25. Rfd1 Qc7 26. Rd7 Qc8 27. Qxc8 Rbxc8 28. Rxc4 Rxc6 29. a4 Rb8 30. g3 Rb4 31. Rxb4 cxb4 32. a5 Ra6 33. Rb7 Rxa5 34. Rxb4 Be5 35. f4 Bd6 36. Rc4 e5 37. f5 Be7 38. g4 Kg7 39. Kf2 Ra3 40. Rc3 Ra4 41. Kf3 h6 42. Rc6 Ra3+ 43. Rc3 Ra2 44. Rc6 Ra3+ 1/2-1/2

[Event "94th FRA-ch Open A 2019"]
[Site "Chartres"]
[Date "2019.08.20"]
[Round "4.2"]
[White "Burille, Matthieu"]
[Black "Mahieu, Luc"]
[Result "1-0"]
[ECO "B90"]
[WhiteElo "2174"]
[BlackElo "2084"]
[Annotator "NA"]
[PlyCount "65"]
[EventDate "2019.08.17"]
[EventType "swiss"]
[EventCountry "FRA"]
[SourceTitle "playchess.com"]
[Source "ChessBase"]
[SourceQuality "1"]
[TimeControl "40/5400+30:1800+30"]

1. e4 c5 2. Nf3 d6 3. d4 cxd4 4. Nxd4 Nf6 5. Nc3 a6 6. h3 e5 7. Nb3 Be6 8. Be3 Be7 9. g4 d5 10. exd5 Nxd5 11. Bg2 Nxe3 12. Qxd8+ Kxd8 13. fxe3 Bh4+ 14. Ke2 Bc4+ 15. Kf3 Nc6 16. Nc5 e4+ 17. Kf4 g5+ 18. Kf5 Re8 19. Kf6 b6 20. Rad1+ Kc7 21. Rd7+ Kc8 22. Rd6 Ne7 23. Nd7 Ng8+ 24. Kg7 Kc7 25. Nxe4 f5 26. Rc6+ Kxd7 27. Nc5+ bxc5 28. Rd1+ Ke7 29. Rc7+ Ke6 30. Rc6+ Ke5 31. Rxc5+ Ke6 32. gxf5+ Ke7 33. Rc7# 1-0

[Event "94th FRA-ch Open A 2019"]
[Site "Chartres"]
[Date "2019.08.20"]
[Round "4.3"]
[White "Fournier, Dimitri"]
[Black "Rivalin, Kenny"]
[Result "0-1"]
[ECO "B51"]
[WhiteElo "2034"]
[BlackElo "2184"]
[Annotator "NA"]
[PlyCount "104"]
[EventDate "2019.08.17"]
[EventType "swiss"]
[EventCountry "FRA"]
[SourceTitle "playchess.com"]
[Source "ChessBase"]
[SourceQuality "1"]
[TimeControl "40/5400+30:1800+30"]

1. e4 c5 2. Nf3 d6 3. Bb5+ Nd7 4. O-O a6 5. Bd3 b5 6. c3 Bb7 7. Bc2 Ngf6 8. Re1 c4 9. b3 e6 10. bxc4 bxc4 11. Na3 Qc7 12. Qe2 Rc8 13. Rb1 Ba8 14. d4 cxd3 15. Bxd3 Nc5 16. Bxa6 Nxa6 17. Qxa6 Bxe4 18. Rb4 Ra8 19. Qb5+ Bc6 20. Rc4 Rc8 21. Qa6 Nd7 22. Nd4 Nc5 23. Nab5 Nxa6 24. Nxc7+ Rxc7 25. Rxc6 Rxc6 26. Nxc6 Kd7 27. Nd4 Be7 28. Ba3 Rc8 29. Rc1 Rc4 30. Kf1 Bf6 31. Ke2 Bxd4 32. cxd4 Rxd4 33. Bb2 Ra4 34. a3 e5 35. g3 Nc5 36. f3 Ke6 37. Ke3 f5 38. h3 g5 39. Rc2 f4+ 40. gxf4 Rxf4 41. Rg2 h6 42. Rg4 d5 43. Bc1 Nb3 44. Bb2 d4+ 45. Kf2 e4 46. Rxf4 e3+ 47. Ke2 gxf4 48. a4 Kd5 49. Ba3 Kc4 50. Bd6 d3+ 51. Ke1 d2+ 52. Ke2 Nd4+ 0-1

[Event "94th FRA-ch Open A 2019"]
[Site "Chartres"]
[Date "2019.08.20"]
[Round "4.4"]
[White "Da Silva, Quentin"]
[Black "Deveque, Guillaume"]
[Result "1-0"]
[ECO "C00"]
[WhiteElo "2161"]
[BlackElo "2016"]
[Annotator "NA"]
[PlyCount "109"]
[EventDate "2019.08.17"]
[EventType "swiss"]
[EventCountry "FRA"]
[SourceTitle "playchess.com"]
[Source "ChessBase"]
[SourceQuality "1"]
[TimeControl "40/5400+30:1800+30"]

1. e4 e6 2. d3 d5 3. Qe2 dxe4 4. dxe4 e5 5. Nf3 Nc6 6. Nbd2 Nf6 7. c3 g6 8. Nc4 Qe7 9. Qc2 h6 10. Be2 Bg7 11. b3 Bg4 12. Ba3 Qe6 13. Rd1 Bf8 14. Bc1 Bg7 15. h3 Bxf3 16. Bxf3 O-O 17. O-O Rfd8 18. Ne3 Ne7 19. Rd3 c6 20. Rfd1 Rxd3 21. Rxd3 Nxe4 22. Bxe4 f5 23. Qd2 fxe4 24. Rd6 Qf7 25. Rd7 Qe6 26. Rxb7 Nd5 27. Nxd5 cxd5 28. Qe2 Qc6 29. Qb5 Rc8 30. Qxc6 Rxc6 31. Bd2 d4 32. c4 Ra6 33. a4 Bf8 34. Kf1 Rf6 35. Ke2 Bc5 36. Rb5 d3+ 37. Kd1 Bxf2 38. Rxe5 Bg3 39. Rxe4 Rf1+ 40. Be1 Rg1 41. Kd2 Rxg2+ 42. Kxd3 Bh2 43. c5 Kf7 44. c6 g5 45. Ba5 Rg3+ 46. Kc4 Rg2 47. Kb5 Rc2 48. Rc4 Rxc4 49. bxc4 Ke6 50. Ka6 h5 51. Kb7 g4 52. hxg4 hxg4 53. c7 Bxc7 54. Bxc7 Kd7 55. c5 1-0

[Event "94th FRA-ch Open A 2019"]
[Site "Chartres"]
[Date "2019.08.20"]
[Round "4.5"]
[White "Grandy, Aurelien"]
[Black "Derige Kane, Yan"]
[Result "1/2-1/2"]
[ECO "B31"]
[WhiteElo "2032"]
[BlackElo "2156"]
[Annotator "NA"]
[PlyCount "72"]
[EventDate "2019.08.17"]
[EventType "swiss"]
[EventCountry "FRA"]
[SourceTitle "playchess.com"]
[Source "ChessBase"]
[SourceQuality "1"]
[TimeControl "40/5400+30:1800+30"]

1. e4 c5 2. Nf3 Nc6 3. Bb5 g6 4. O-O Bg7 5. Re1 Nd4 6. Nxd4 cxd4 7. d3 a6 8. Bc4 e6 9. a4 Ne7 10. Bg5 f6 11. Bc1 O-O 12. f4 Rb8 13. Nd2 b5 14. axb5 axb5 15. Bb3 Bb7 16. Nf3 Qb6 17. Bd2 Ra8 18. Qe2 Rxa1 19. Rxa1 Ra8 20. Re1 f5 21. Bb4 fxe4 22. Ng5 Nc6 23. Bd6 e3 24. Qg4 Nd8 25. Be7 Nf7 26. h4 Nh6 27. Qh3 b4 28. h5 Re8 29. Bf6 Rf8 30. Bxg7 Kxg7 31. hxg6 hxg6 32. Bxe6 Rxf4 33. Bxd7 Rf2 34. Ne6+ Kh7 35. Ng5+ Kg7 36. Ne6+ Kh7 1/2-1/2

[Event "94th FRA-ch Open A 2019"]
[Site "Chartres"]
[Date "2019.08.20"]
[Round "4.6"]
[White "Guignier, Nicolas"]
[Black "Bleuzen, Erwan"]
[Result "1-0"]
[ECO "B22"]
[WhiteElo "2151"]
[BlackElo "2013"]
[Annotator "NA"]
[PlyCount "92"]
[EventDate "2019.08.17"]
[EventType "swiss"]
[EventCountry "FRA"]
[SourceTitle "playchess.com"]
[Source "ChessBase"]
[SourceQuality "1"]
[TimeControl "40/5400+30:1800+30"]

1. e4 c5 2. c3 Nf6 3. d3 Nc6 4. f4 d6 5. Nf3 g6 6. a4 Bg7 7. Na3 O-O 8. Be2 e5 9. fxe5 dxe5 10. O-O Qe7 11. Nc4 Ne8 12. a5 Be6 13. Qa4 Nc7 14. Be3 f6 15. Nfd2 Rfc8 16. Nb3 Na6 17. Qb5 Bf8 18. Rf2 Rab8 19. g4 Nc7 20. Qa4 Na6 21. Raf1 Bd7 22. Qa3 Kg7 23. Rxf6 Qxf6 24. Rxf6 Kxf6 25. Nxc5 Be6 26. b4 Nxc5 27. bxc5 Bxc4 28. dxc4 a6 29. h4 Nd8 30. g5+ Kg7 31. Bg4 Rc7 32. Qb4 Re7 33. Qb6 Nc6 34. h5 Rd8 35. h6+ Kf7 36. Qb1 Rde8 37. Qd1 Kg8 38. Qf3 Rf7 39. Qh3 Rfe7 40. Bd7 Rb8 41. Be6+ Kh8 42. Bd5 Ree8 43. Bxc6 bxc6 44. Qd7 Rbc8 45. Qb7 Be7 46. Qxa6 Kg8 1-0